 Dungeon Crawl Stone Soup version 0.31-a0-154-g56bf346678 (webtiles) character file.

Game seed: 17986754126196860232

70 comborobin the Sneak (level 4, -1/27 HPs)
             Began as a Deep Elf Delver on June 11, 2023.
             Was an Initiate of Okawaru.
             Slain by an adder (3 damage)
             ... on level 2 of the Dungeon.
             The game lasted 00:05:56 (2394 turns).

comborobin the Sneak (Deep Elf Delver)              Turns: 2394, Time: 00:05:56

Health: -1/27      AC:  3    Str:  9    XL:     4   Next: 3%
Magic:  8/8        EV: 12    Int: 15    God:    Okawaru [......]
Gold:   133        SH:  5    Dex: 18    Spells: 1/5 levels left

rFire   . . .        a - +0 rapier
rCold   . . .        (no shield)
rNeg    . . .        k - +0 leather armour
rPois   .            (no helmet)
rElec   .            (no cloak)
rCorr   .            (no gloves)
SInv    .            (no boots)
Will    .....        l - amulet of reflection
Stlth   +++          (no ring)
HPRegen 0.24/turn    (no ring)
MPRegen 0.11/turn

%: reflection
@: lethally poisoned (-1 -> -5), about to teleport
A: no striking features
a: Renounce Religion


You were on level 2 of the Dungeon.
You worshipped Okawaru.
Okawaru was noncommittal.
You visited 2 branches of the dungeon, and saw 7 of its levels.

You collected 133 gold pieces.

Inventory:

Hand Weapons
 a - a +0 rapier (weapon)
 b - a +0 sling
 d - a +0 short sword
 h - a +0 short sword
Missiles
 m - 3 poisoned darts (quivered)
Armour
 f - a scarf of harm
 k - a +0 leather armour (worn)
Jewellery
 l - an amulet of reflection (around neck)
 p - an amulet of the acrobat
Scrolls
 c - a scroll of fog
 g - a scroll of butterflies {unknown}
 i - a scroll of immolation {unknown}
 j - a scroll of teleportation
 n - a scroll of vulnerability {unknown}
 o - a scroll of identify
Potions
 e - 2 potions of brilliance


   Skills:
 - Level 2.5 Fighting
 - Level 2.7 Short Blades
 - Level 3.0 Dodging
 - Level 6.0 Stealth
 + Level 1.4 Spellcasting
 + Level 1.1 Conjurations
 + Level 0.9 Air Magic
 + Level 1.0 Poison Magic
 - Level 0.6 Invocations


You had one spell level left.
You knew the following spells:

 Your Spells              Type           Power      Damage    Failure   Level
a - Magic Dart            Conj           16%        1d3       22%         1
e - Mephitic Cloud        Conj/Pois/Air  4%         N/A       54%         3

Your spell library contained the following spells:

 Spells                   Type           Power      Damage    Failure   Level
 Call Imp                 Summ           Unusable   N/A       N/A         2

Dungeon Overview and Level Annotations

Branches:
Dungeon (6/15)             Temple (1/1) D:5

Altars:
Cheibriados
Dithmenos
Elyvilon
Kikubaaqudgha
Okawaru
Qazlal
Trog

Annotations:
D:2 1 runed translucent door, 2 exclusions, Crazy Yiuf
D:4 exclusion: wizard


Message History

The adder is heavily wounded.
You feel sick. You block the adder's attack.
The kobold hits you but does no damage.
You barely miss the adder.
The adder is heavily wounded.
You feel sick. The adder closely misses you. You block the kobold's attack.
The adder bites you.
You are more poisoned.
The adder poisons you!
You hit the adder but do no damage.
The adder is heavily wounded.
You feel sick. You block the kobold's attack.
The adder bites you but does no damage.
You barely miss the adder.
The adder is heavily wounded.
You feel sick. The adder barely misses you. The kobold closely misses you.
The adder barely misses you.
You hit the adder.
The adder is heavily wounded.
You feel sick. You block the kobold's attack. You block the adder's attack.
You hit the adder.
The adder is almost dead.
You feel sick. The kobold hits you but does no damage. The adder bites you.
You are lethally poisoned!
The adder poisons you! The kobold hits you with a +0 whip.
* * * LOW HITPOINT WARNING * * *
Okay, then.
As you read the scroll of teleportation, it crumbles to dust.
You feel strangely unstable.
* * * LOW HITPOINT WARNING * * *
You feel sick. The adder barely misses you. You block the adder's attack.
The kobold hits you with a +0 whip.
* * * LOW HITPOINT WARNING * * *
* * * LOW HITPOINT WARNING * * *
You feel sick.
A goblin comes into view. It is wielding a +0 club.
* * * LOW HITPOINT WARNING * * *
You feel sick. The adder attacks as you move away! The adder bites you.
You die...

.....## ......# g# ..
..# ......# .# .# ..#
......# ##.#...#..#
......# ...#.....#
..)...# ###.......#
......# ##.....#...#
......# #.#.#......#
.....<# #.#..#@...#
...#####..##..#S....#
#..# #...K.†....#
#.### ####.#...#..#
....# #..# ######.#
..#.# #.####......#
.<#.#####.##..)######
......#..[..†...##
###.....#.#.###..#


You could see an adder, a goblin (asleep) and a kobold.

Vanquished Creatures
  An adder (D:2)
  A worm (D:2)
  3 dart slugs
  2 orcs
  A ball python (D:4)
  2 bats (D:2)
  7 endoplasms
  3 giant cockroaches
  6 goblins
  3 hobgoblins
  4 jackals
  2 kobolds (D:2)
  3 quokkas (D:2)
  2 frilled lizards (D:2)
  2 rats (D:2)
42 creatures vanquished.

Notes
Turn   | Place    | Note
-------+----------+-------------------------------------------
     0 | D:5      | comborobin the Deep Elf Delver began the quest for the Orb.
     0 | D:5      | Reached XP level 1. HP: 13/13 MP: 3/3
    52 | D:5      | Found a staircase to the Ecumenical Temple.
    58 | Temple   | Entered the Ecumenical Temple
    92 | Temple   | Became a worshipper of Warmaster Okawaru
   182 | D:4      | Found a bloodstained altar of Trog.
   183 | D:4      | Noticed a wizard
   244 | D:4      | Noticed a hound
   414 | D:1      | Found a faded altar of an unknown god.
   493 | D:1      | Reached XP level 2. HP: 18/18 MP: 4/4
  1579 | D:2      | Learned a level 1 spell: Magic Dart
  1624 | D:2      | Reached XP level 3. HP: 22/22 MP: 5/5
  1964 | D:2      | Reached skill level 1 in Spellcasting
  2033 | D:2      | Learned a level 3 spell: Mephitic Cloud
  2157 | D:2      | Reached skill level 1 in Conjurations
  2158 | D:2      | Reached skill level 1 in Poison Magic
  2343 | D:2      | Found a runed translucent door.
  2344 | D:2      | Noticed Crazy Yiuf
  2363 | D:2      | Reached XP level 4. HP: 27/27 MP: 8/8
  2394 | D:2      | Slain by an adder

Illustrated notes

Levels and vault maps discovered:
D:1:      grunt_arrival_lava_bath, layout_basic,
          chequers_ecumenical_altar_simple, hangedman_glass_teeth
D:2:      minmay_recursive_quarters, layout_basic,
          hangedman_decor_clover_reticule, minmay_increasing_density,
          uniq_crazy_yiuf_cottage
D:3:      layout_loops_ring, nicolae_wu_jian_immortal_techniques,
          mainiacjoe_overflow_paths, nicolae_concentric_dashed_squares_wild
D:4:      layout_rooms, grunt_gozag_breadcrumbs, mainiacjoe_overflow_brackets,
          trog_wizard
D:5:      layout_loops_ring, kennysheep_mini_moat, temple_statues, st_stairs_13
D:6:      layout_gridville, uniq_prince_ribbit1, uniq_duvessa
Temple:   cyrus_temple_forest

Skill      XL: |  1  2  3 |
---------------+----------+-----
Dodging        | 3 |  3.0
Spellcasting   | 1 |  1.4
Conjurations   | 1 |  1.1
Poison Magic   | 1 |  1.0
Fighting       | |  2.5
Short Blades   | |  2.7
Stealth        | |  6.0
Air Magic      | |  0.9
Invocations    | |  0.6

Action                     |  1- 3 |  4- 6 || total
---------------------------+-------+-------++-------
  Melee: Rapier            |    78 |    14 ||    92
         Short sword       |     4 |       ||     4
         Punch             |     1 |     1 ||     2
   Fire: Sling             |    39 |       ||    39
  Throw: Dart              |     4 |       ||     4
  Evoke: Wand              |     3 |       ||     3
    Use: Scroll            |     5 |     1 ||     6
         Potion            |     2 |       ||     2
   Stab: Sleeping          |    13 |     1 ||    14
 Armour: Leather armour    |    12 |     4 ||    16
  Dodge: Dodged            |    41 |    10 ||    51
  Block: Other             |    13 |    11 ||    24
         Reflection        |     1 |       ||     1

Table legend: (Time is in decaauts)
 A = Elapsed time spent in this place.
 B = Non-inter-level travel time spent in this place.
 C = Inter-level travel time spent in this place.
 D = Time resting spent in this place.
 E = Time spent auto-exploring this place.
 F = Levels seen in this place.
 G = Mean time per level.
                   A        B        C        D        E       F      G
               +--------+--------+--------+--------+--------+-----+--------+
         Total |   2400 |   2235 |    165 |     80 |   1448 |   7 |  342.9 |
       Dungeon |   2343 |   2203 |    140 |     80 |   1422 |   6 |  390.5 |
        Temple |     56 |     31 |     25 |      0 |     26 |   1 |   56.0 |
               +--------+--------+--------+--------+--------+-----+--------+

Top non-repeatable levels by time:
     D:2: 1031 daAuts
     D:1: 1019 daAuts
     D:4: 197 daAuts
     D:5: 57 daAuts
  Temple: 56 daAuts
     D:3: 29 daAuts
     D:6: 8 daAuts
